 Dungeon Crawl Stone Soup version 0.26-a0-651-gb41185065b (webtiles) character file.

Game seed: 4633793085871715066

217 Lanoc the Sneak (level 6, -5/42 HPs)
             Began as a Halfling Brigand on Oct 16, 2020.
             Slain by an iguana (14 damage)
             ... on level 4 of the Dungeon.
             The game lasted 00:03:31 (1898 turns).

Lanoc the Sneak (Halfling Brigand)                  Turns: 1898, Time: 00:03:33

Health: -5/42      AC:  3    Str: 12    XL:     6   Next: 16%
Magic:  6/6        EV: 16    Int:  9    God:
Gold:   83         SH:  0    Dex: 18    Spells: 5/5 levels left

rFire    . . .     SeeInvis .   i - +3 dagger
rCold    . . .     Faith    .   (shield restricted)
rNeg     . . .     Spirit   .   b - +0 robe
rPois    .         Reflect  .   (no helmet)
rElec    .         Harm     .   c - +0 cloak
rCorr    +         Rampage  .   (no gloves)
MR       .....                  (no boots)
Stlth    ++++......             (no amulet)
HPRegen  0.14/turn              n - ring of resist corrosion
MPRegen  0.10/turn              (no ring)

@: no status effects
A: small, mutation resistance 1
a: no special abilities


You were on level 4 of the Dungeon.
You visited 1 branch of the dungeon, and saw 4 of its levels.

You collected 83 gold pieces.

Inventory:

Hand Weapons
 i - a +3 dagger (weapon)
Missiles
 d - 17 poisoned darts (quivered)
 e - 2 curare-tipped darts
Armour
 b - a +0 robe (worn)
 c - a +0 cloak (worn)
Jewellery
 n - a ring of resist corrosion (left hand)
Scrolls
 h - a scroll of identify
 k - 4 scrolls of remove curse
 l - a scroll of noise {unknown}
Potions
 g - a potion of ambrosia
 m - 2 potions of haste


   Skills:
 + Level 3.0 Fighting
 - Level 2.4 Short Blades
 - Level 2.0 Throwing
 + Level 3.1 Dodging
 * Level 6.5 Stealth


You had 5 spell levels left.
You didn't know any spells.
Your spell library was empty.

Dungeon Overview and Level Annotations

Branches:
Dungeon (4/15)
 Temple: D:4-7

Altars:


Innate Abilities, Weirdness & Mutations

You are small and have problems with some larger weapons.
You are somewhat resistant to further mutation.


Message History

The iguana misses you.
You hit the iguana but do no damage.
The iguana is heavily wounded.
The iguana bites you!
You hit the iguana.
The iguana is heavily wounded.
You hit the iguana but do no damage.
The iguana is heavily wounded.
The iguana completely misses you.
You hit the iguana.
The iguana is severely wounded.
The iguana bites you.
You closely miss the iguana.
The iguana is severely wounded.
The iguana bites you.
* * * LOW HITPOINT WARNING * * *
You hit the iguana but do no damage.
The iguana is severely wounded.
The iguana bites you!
You die...

..............
####.#.###...
####.#.#
#....#.###########
....##.#.........#
....##.#.#######.#
....##...# #.#
..#.###### #.#
..#... ## #@#
..#.... +) #l#
..#..##. ####o#
..# #.oZ# ..#..
..# #.### ..##..
..# #...# ..###.
### ###o#####..###
#.....#..##
#.Z......#


You could see an iguana, an orc wizard, an orc and a bullfrog skeleton.

Vanquished Creatures
  A phantom (D:4)
  2 worker ants
  3 adders
  3 worms (D:3)
  A dart slug (D:2)
  A leopard gecko (D:2)
  2 orcs (D:3)
  4 bats (D:3)
  3 giant cockroaches
  5 goblins
  4 hobgoblins
  4 jackals (D:4)
  5 frilled lizards
  5 kobolds
  2 rats
45 creatures vanquished.

Notes
Turn   | Place    | Note
-------+----------+-------------------------------------------
     0 | D:1      | Lanoc the Halfling Brigand began the quest for the Orb.
     0 | D:1      | Reached XP level 1. HP: 14/14 MP: 1/1
   104 | D:1      | Reached XP level 2. HP: 19/19 MP: 2/2
   421 | D:3      | Reached XP level 3. HP: 22/24 MP: 3/3
   425 | D:3      | Reached skill level 5 in Stealth
  1040 | D:2      | Reached XP level 4. HP: 29/29 MP: 4/4
  1429 | D:3      | Reached XP level 5. HP: 33/35 MP: 5/5
  1634 | D:4      | Noticed a phantom
  1786 | D:4      | Reached skill level 6 in Stealth
  1791 | D:4      | Killed a phantom
  1791 | D:4      | Reached XP level 6. HP: 40/42 MP: 6/6
  1898 | D:4      | Slain by an iguana

Illustrated notes

Levels and vault maps discovered:
D:1:      dpeg_arrival_triangle_fractal, layout_rooms
D:2:      layout_basic, lemuel_round_altar, old_standard_altar,
          minmay_small_reverse_x
D:3:      layout_basic
D:4:      minmay_clustersquares, layout_basic, minmay_temple_entry_wispy,
          hangedman_glass_teeth, hangedman_ru_absence

Skill      XL: |  1  2  3  4  5 |
---------------+----------------+-----
Fighting       | 2 3 |  3.0
Stealth        | 5 6 |  6.5
Dodging        | 2 3 |  3.1
Short Blades   | |  2.4
Throwing       | |  2.0

Action                   |  1- 3 |  4- 6 || total
-------------------------+-------+-------++-------
Melee: Dagger            |   102 |   137 ||   239
Throw: Dart              |     4 |    11 ||    15
  Use: Potion            |     1 |     2 ||     3
       Scroll            |       |     3 ||     3
 Stab: Sleeping          |     3 |     2 ||     5
       Distracted        |       |     1 ||     1
Armor: Robe              |    19 |    18 ||    37
Dodge: Dodged            |    70 |    79 ||   149

Table legend: (Time is in decaauts)
 A = Elapsed time spent in this place.
 B = Non-inter-level travel time spent in this place.
 C = Inter-level travel time spent in this place.
 D = Time resting spent in this place.
 E = Time spent auto-exploring this place.
 F = Levels seen in this place.
 G = Mean time per level.
                   A        B        C        D        E       F      G
               +--------+--------+--------+--------+--------+-----+--------+
         Total |   1848 |   1829 |     19 |    411 |    942 |   4 |  462.0 |
       Dungeon |   1848 |   1829 |     19 |    411 |    942 |   4 |  462.0 |
               +--------+--------+--------+--------+--------+-----+--------+

Top non-repeatable levels by time:
     D:3: 1080 daAuts
     D:2: 410 daAuts
     D:4: 252 daAuts
     D:1: 105 daAuts
